Map: Romanticide LE

Players

AGOElazer (Elazer)

  • Race: Zerg Zerg
  • Spawn Location: 5:00

LiquidClem (Clem) - Winner!

  • Race: Terran Terran
  • League: Grandmaster
  • Spawn Location: 11:00

Event: DreamHack SC2 Masters 2020 Winter

VOD

Have the link to the VOD?

Description

Time

  • Played on: Oct. 29, 2020, 1:50 p.m.
  • Length: 10:02

All games in this series

Show
View Real Time Build Order
Export as new Build Order

AGOElazer Zerg 

Build Orders: Hatch First, Muta Ling Bane 

Get SALT Encoding   

  12  0:00  Drone  
  13  0:12  Overlord  
  13  0:16  Drone  
  14  0:30  Drone x2  
  16  0:47  Hatchery  
  15  0:50  Drone  
  15  0:54  Drone  
  17  0:57  Drone  
  18  1:07  Extractor  
  17  1:13  Spawning Pool  
  17  1:16  Drone  
  17  1:18  Drone  
  18  1:27  Drone  
  19  1:38  Drone  
  20  1:49  Drone  
  21  2:00  Zergling x2, Queen x2  
  26  2:03  Overlord  
  26  2:11  Zergling x2  
  26  2:12  Drone, Metabolic Boost  
  28  2:22  Drone x2  
  30  2:29  Spore Crawler  
  29  2:32  Drone  
  29  2:40  Hatchery, Drone  
  30  2:48  Queen  
  32  2:51  Overlord  
  32  2:55  Drone  
  32  2:57  Drone  
  34  2:59  Drone  
  35  3:11  Overlord  
  35  3:12  Drone  
  36  3:13  Drone x3  
  36  3:16  Drone  
  36  3:19  Drone  
  41  3:26  Queen  
  43  3:31  Queen  
  45  3:36  Drone x3  
  45  3:40  Drone  
  49  3:42  Overlord  
  49  3:44  Zergling x4  
  51  3:53  Drone x3  
  54  3:57  Drone x2  
  54  3:58  Drone  
  57  4:04  Drone x3  
  57  4:08  Queen x2  
  63  4:14  Overlord  
  63  4:15  Drone x2  
  65  4:20  Evolution Chamber  
  65  4:21  Drone  
  65  4:23  Evolution Chamber  
  64  4:24  Overlord  
  64  4:27  Drone  
  65  4:33  Drone x4  
  65  4:38  Extractor  
  68  4:39  Overlord, Drone x3  
  68  4:41  Drone x2  
  68  4:44  Drone x2  
  75  4:48  Drone x4  
  75  4:52  Zerg Melee Weapons Level 1, Zerg Ground Armor Level 1  
  79  4:55  Extractor x2  
  79  4:58  Hatchery  
  76  5:03  Drone x4  
  80  5:07  Extractor  
  80  5:13  Overlord, Drone x4  
  83  5:18  Lair  
  83  5:20  Zergling x12  
  89  5:27  Overlord  
  89  5:28  Baneling Nest  
  89  5:33  Zergling x2  
  89  5:35  Overlord x2  
  89  5:53  Drone x6  
  94  5:58  Zergling x12  
  94  6:02  Overlord  
  101  6:04  Zergling x4  
  101  6:05  Zergling x2  
  101  6:09  Hatchery, Extractor  
  101  6:10  Burrow, Pneumatized Carapace  
  101  6:12  Zergling x8  
  101  6:18  Overlord  
  105  6:21  Centrifical Hooks  
  105  6:23  Drone x3  
  108  6:29  Drone, Spire  
  108  6:37  Zergling x18  
  108  6:38  Zergling x2  
  118  6:47  Drone x3  
  118  6:53  Zerg Ground Armor Level 2, Zerg Melee Weapons Level 2  
  121  6:55  Drone x4  
  121  6:56  Extractor  
  124  7:01  Spore Crawler  
  124  7:02  Spore Crawler  
  124  7:03  Spore Crawler x2  
  124  7:04  Drone x2  
  124  7:05  Drone  
  119  7:09  Overlord  
  119  7:15  Zergling x20  
  128  7:19  Overlord  
  128  7:22  Hatchery  
  127  7:29  Baneling x3  
  127  7:30  Baneling x2  
  127  7:37  Overlord x2  
  127  7:42  Mutalisk x8  
  142  7:44  Overlord  
  142  7:46  Baneling x9  
  142  7:48  Zergling x2  
  143  7:52  Overlord x2  
  143  7:53  Baneling x4  
  143  7:57  Baneling x3  
  143  7:58  Zergling x12  
  143  7:59  Zergling x2  
  143  8:02  Zergling x2  
  143  8:03  Zergling x4  
  143  8:05  Baneling x4  
  150  8:15  Zergling x14  
  142  8:20  Zergling x4  
  142  8:22  Baneling x3  
  142  8:23  Baneling x9  
  139  8:32  Zergling x18  
  130  8:43  Mutalisk x2  
  130  8:44  Mutalisk  
  130  8:46  Zergling x10  
  133  8:48  Baneling x2  
  133  8:49  Baneling x3  
  133  8:55  Zergling x6  
  133  8:56  Zergling x10  
  140  9:03  Zergling x6  
  130  9:12  Zergling x14  
  128  9:22  Mutalisk x5  
  121  9:25  Zergling x6  
  122  9:32  Zergling x8  
  122  9:37  Zergling x14  
Show
View Real Time Build Order
Export as new Build Order

LiquidClem Terran - Winner!

Build Orders: Reaper Expand 

Get SALT Encoding   

  12  0:00  SCV  
  13  0:12  SCV  
  14  0:17  Supply Depot  
  14  0:24  SCV  
  15  0:38  SCV  
  15  0:40  Barracks  
  16  0:43  Refinery  
  16  0:50  SCV  
  17  1:02  SCV  
  18  1:14  SCV  
  19  1:27  Reaper, Orbital Command  
  20  1:39  Command Center  
  20  1:47  Supply Depot  
  20  1:53  SCV  
  21  1:59  Marine  
  22  2:05  SCV  
  23  2:11  Factory  
  23  2:18  SCV  
  23  2:21  Barracks Reactor  
  24  2:30  SCV  
  25  2:42  SCV  
  25  2:43  Command Center  
  26  2:52  Orbital Command  
  26  2:54  SCV  
  27  2:59  Barracks  
  27  3:06  SCV, Barracks Tech Lab  
  27  3:09  Hellion  
  30  3:13  Hellion  
  30  3:17  SCV  
  30  3:18  SCV  
  34  3:22  Refinery  
  34  3:24  Marine  
  35  3:28  Stimpack  
  35  3:29  SCV  
  35  3:31  SCV  
  37  3:41  SCV  
  37  3:43  SCV, Marine  
  37  3:45  Starport  
  40  3:53  SCV  
  40  3:54  Marine x2  
  40  3:55  SCV  
  41  4:00  Factory Reactor  
  41  4:01  Marine  
  42  4:05  SCV, Orbital Command  
  42  4:08  SCV  
  43  4:12  Marine x2  
  45  4:17  SCV  
  45  4:19  Marine  
  45  4:20  SCV  
  45  4:22  Supply Depot  
  48  4:30  SCV, Marine x2  
  48  4:31  SCV  
  52  4:32  SCV  
  52  4:37  Marine  
  54  4:40  Medivac x2  
  54  4:42  Factory Tech Lab  
  54  4:43  SCV x2  
  54  4:44  Supply Depot  
  60  4:47  Barracks  
  60  4:48  Marine x2  
  60  4:51  SCV  
  60  4:52  Refinery  
  63  4:55  SCV, Marine  
  63  4:56  Orbital Command  
  65  5:01  Siege Tank  
  65  5:03  SCV  
  65  5:06  Supply Depot, Marine x2  
  65  5:07  SCV, Refinery  
  71  5:13  Marine  
  73  5:16  SCV  
  73  5:17  Engineering Bay x2  
  74  5:23  Marine x2  
  74  5:26  SCV  
  77  5:28  Supply Depot  
  77  5:29  SCV  
  77  5:30  Marine  
  77  5:31  SCV  
  77  5:32  Barracks x2  
  80  5:35  Barracks Reactor  
  80  5:36  Supply Depot, Siege Tank  
  80  5:40  Combat Shield  
  80  5:41  Marine  
  80  5:42  SCV  
  85  5:50  SCV, Marine  
  85  5:52  Marine  
  85  5:53  SCV  
  85  5:54  SCV  
  90  5:58  Supply Depot  
  90  5:59  Marine  
  90  6:00  Supply Depot  
  90  6:01  Terran Infantry Weapons Level 1  
  90  6:02  SCV, Terran Infantry Armor Level 1  
  92  6:05  SCV  
  92  6:08  Medivac, Marine  
  96  6:11  Marine  
  96  6:12  Marine x2  
  96  6:14  SCV  
  96  6:17  Marine  
  101  6:20  Siege Tank  
  101  6:22  Supply Depot  
  101  6:23  SCV  
  101  6:24  SCV, Supply Depot  
  106  6:25  Barracks Reactor  
  106  6:27  Barracks Reactor  
  106  6:30  Marine x3  
  106  6:31  SCV  
  110  6:35  SCV  
  110  6:37  Medivac  
  110  6:39  SCV  
  114  6:42  Marine x2  
  114  6:43  SCV  
  114  6:45  Supply Depot  
  117  6:47  Medivac, Marine  
  117  6:48  Marine  
  117  6:53  SCV x2  
  123  6:54  Refinery  
  123  6:55  Armory  
  123  6:56  SCV  
  123  6:58  Marine  
  123  6:59  Marine  
  126  7:01  Marine x2  
  126  7:02  Marine  
  126  7:05  Siege Tank  
  126  7:08  SCV  
  133  7:11  Marine x2  
  133  7:13  Marine  
  133  7:14  Marine  
  137  7:16  SCV, Supply Depot, Marine  
  137  7:17  Marine  
  137  7:19  Marine  
  137  7:21  Marine x2  
  139  7:25  Factory  
  139  7:27  Supply Depot  
  139  7:29  Marine  
  140  7:33  Marine  
  140  7:34  Supply Depot  
  141  7:37  Marine x3  
  141  7:39  Marine  
  141  7:40  Marine x3  
  148  7:46  Supply Depot  
  148  7:47  Supply Depot, Drilling Claws  
  148  7:49  Widow Mine  
  148  7:50  SCV x2  
  152  7:51  Marine  
  152  7:52  Marine  
  154  8:02  Command Center  
  154  8:03  Marine x2  
  154  8:05  Supply Depot  
  156  8:06  Marine  
  156  8:07  Marine x2  
  156  8:11  Thor  
  156  8:12  Marine  
  163  8:15  Marine x2  
  155  8:21  Supply Depot  
  155  8:22  Marine  
  155  8:26  Factory Reactor  
  156  8:31  Medivac, Marine x3  
  156  8:32  Marine x3  
  156  8:33  Marine x2  
  152  8:39  Liberator  
  152  8:40  Marine  
  146  8:42  SCV  
  146  8:44  SCV x2  
  141  8:49  Marine x4  
  141  8:52  Marine  
  141  8:53  Marine x2  
  141  8:54  Marine  
  149  8:58  Marine  
  150  9:04  Widow Mine  
  150  9:07  Marine  
  150  9:09  Marine x3  
  140  9:10  Marine  
  140  9:11  Marine  
  140  9:13  Widow Mine  
  140  9:14  Marine x2  
  140  9:16  Marine  
  134  9:25  Marine  
  134  9:27  Marine x3, Widow Mine  
  134  9:28  SCV, Marine  
  134  9:30  Marine  
  146  9:36  Marine x2  
  146  9:37  Marine  
  138  9:42  Marine  
Tags
 
Add a new tag
Caveats
  • Supply blocks, unpowered buildings, or Contaminate may cause inaccurate times.
  • Supply counts are checked every 10 seconds.